AoeStats
← Blazing Cartesia, The Virtuous

Arabia

509969872Analyzed
1v1 RM · 3d ago on Sep 28, 2026· 28m 47s· 2 players
Game mode
Random Map
Map size
Tiny (2 player)
Population
200
Speed
Normal
Resources
Standard
Victory
Conquest
Starting age
Dark Age
Ending age
Imperial Age
RankedLock teamsTeams togetherTeam positionsShared explorationLock speedFull tech treeHidden civsTurbo modeCheats
Victory
Defeat
🇺🇾 Persians · Uruguay
1216
+18
1269
-18
Blazing Cartesia, The Virtuous
6:08 Loom
11:03 Feudal Age
11:42 Double-Bit Axe
12:23 Horse Collar
16:02 Forging
20:03 Wheelbarrow
22:15 Castle Age
20:39 Gold Mining
22:21 Bloodlines
23:50 Bow Saw
25:42 Heavy Plow
25:53 Scale Barding Armor
25:52 Scale Mail Armor
27:25 Iron Casting
27:26 Stone Mining
27:03 Pikeman
28:18 Arson
Guyunusa
7:40 Loom
10:42 Feudal Age
11:13 Double-Bit Axe
11:10 Horse Collar
18:00 Wheelbarrow
18:56 Bloodlines
24:04 Castle Age
23:47 Forging
23:43 Scale Barding Armor
24:52 Husbandry
25:34 Iron Casting
24:50 Fletching
25:48 Heavy Plow
26:05 Bow Saw
25:56 Gold Mining
27:52 Town Watch
Connection lost

Rejoining the realm…

Still unreachable

The connection could not be restored.

Session expired

The server has moved on; the page needs a fresh start.